 Dungeon Crawl Stone Soup version 0.29-a0-802-g34511f41fd (webtiles) character file.

Game seed: 14739093417474502785

255 dolemite99 the Poker (level 5, -4/41 HPs)
             Began as a Demonspawn Fighter on July 3, 2022.
             Was a Priest of Lugonu.
             Slain by Menkaure (6 damage)
             ... on level 4 of the Dungeon.
             The game lasted 00:04:03 (4007 turns).

dolemite99 the Poker (Demonspawn Fighter)           Turns: 4007, Time: 00:04:04

Health: -4/41      AC: 17    Str: 19      XL:     5   Next: 91%
Magic:  0/5        EV:  5    Int:  8 (9)  God:    Lugonu [***...]
Gold:   220        SH:  5    Dex: 10 (12) Spells: 4/4 levels left

rFire   . . .      SeeInvis .   a - +0 trident
rCold   . . .      Faith    .   c - +1 buckler
rNeg    . . .      Spirit   +   j - +0 plate armour
rPois   .          Reflect  .   (no helmet)
rElec   .          Harm     .   (no cloak)
rCorr   .          Rampage  .   (no gloves)
Will    .....                   (no boots)
Stlth   ..........              o - amulet of guardian spirit
HPRegen 0.13/turn               (no ring)
MPRegen 0.09/turn               (no ring)

@: sanguine armoured
A: claws 1, sanguine armour 1
a: Renounce Religion, Depart the Abyss, Bend Space, Banish


You were on level 4 of the Dungeon.
You worshipped Lugonu.
Lugonu was most pleased with you.
You visited 1 branch of the dungeon, and saw 4 of its levels.

You collected 220 gold pieces.

Inventory:

Hand Weapons
 a - a +0 trident (weapon)
 q - a +0 arbalest
Armour
 b - a +1 scale mail
 c - a +1 buckler (worn)
 j - a +0 plate armour (worn)
Jewellery
 h - a ring of fire
 i - a ring of magical power
 o - an amulet of guardian spirit (around neck)
Wands
 f - a wand of charming (2)
 m - a wand of digging (4)
Scrolls
 e - a scroll of immolation
 k - 3 scrolls of vulnerability
 n - a scroll of teleportation
 r - a scroll of identify {@r1}
Potions
 d - a potion of brilliance
 g - a potion of cancellation {unknown}
 l - a potion of ambrosia {unknown}


   Skills:
 - Level 3.0 Fighting
 + Level 5.7 Polearms
 - Level 2.6 Armour
 - Level 2.6 Shields


You had 4 spell levels left.
You didn't know any spells.
Your spell library contained the following spells:

 Spells                   Type           Power      Damage    Failure   Level
 Static Discharge         Conj/Air       0%         3-3/arc   100%        2
 Dispel Undead            Necr           0%         3d6       100%        4
 Sticky Flame             Conj/Fire      0%         2d3       100%        4


Dungeon Overview and Level Annotations

Branches:
Dungeon (4/15)
 Temple: D:4-7

Altars:
Gozag
Wu Jian
Lugonu

Shops:
D:1 (

Annotations:
D:1 2 runed translucent doors
D:4 Menkaure


Innate Abilities, Weirdness & Mutations

You have sharp fingernails.
When seriously injured, your blood forms armour. (AC +6)


Message History

a +0 club; a +0 leather armour
Things that are here:
a +0 mace; an orc corpse
Found a ring mail.
You open the door.
There is an open door here.
Menkaure, Prince of Dust comes into view.
Menkaure is nearby!
Okay, then.
Menkaure casts a spell.
Menkaure seems to speed up.
Menkaure calls on the powers of darkness!
Your body is wracked with pain!
Your blood congeals into armour.
Menkaure casts a spell at you. Pain shoots through your body!
You hit Menkaure but do no damage.
Menkaure gestures at you while chanting.
Pain shoots through your body!
* * * LOW HITPOINT WARNING * * *
You hit Menkaure.
Menkaure is lightly damaged.
Menkaure hits you but does no damage.
You feel much better. Menkaure hits you!
* * * LOW HITPOINT WARNING * * *
Menkaure calls on the powers of darkness!
Your body is wracked with pain!
* * * LOW HITPOINT WARNING * * *
You puncture Menkaure!
Menkaure is heavily damaged.
Menkaure barely misses you.
You hit Menkaure.
Menkaure is severely damaged.
You block Menkaure's attack.
You barely miss Menkaure.
Menkaure is severely damaged.
Menkaure hits you.
* * * LOW HITPOINT WARNING * * *
Menkaure hits you.
You die...

##########
.........#
.........#
.........#
......M..#
.......@.#
.........#
.........#
..[........#
............#
............#
............#
............####
............#..##


You could see Menkaure (fast).

Vanquished Creatures
  2 orc priests (D:3)
  Terence (D:2)
  4 gnolls (D:3)
  5 adders
  2 dart slugs
  10 orcs
  10 ball pythons
  6 endoplasms
  4 giant cockroaches
  7 goblins
  6 hobgoblins
  4 kobolds
  7 bats
  A frilled lizard (D:1)
  5 rats
74 creatures vanquished.

Notes
Turn   | Place    | Note
-------+----------+-------------------------------------------
     0 | D:1      | dolemite99 the Demonspawn Fighter began the quest for the
                  | Orb.
     0 | D:1      | Reached XP level 1. HP: 18/18 MP: 1/1
    71 | D:1      | Reached skill level 2 in Polearms
   202 | D:1      | You fall into a shaft and drop 1 floor!
   261 | D:2      | Found a faded altar of an unknown god.
   267 | D:2      | Prayed at the altar of an unknown god.
   267 | D:2      | Became a worshipper of Lugonu the Unformed
   267 | D:2      | Reached * piety under Lugonu
   267 | D:2      | Reached ** piety under Lugonu
   356 | D:1      | Gained mutation: When seriously injured, your blood forms
                  | armour. (AC +6) [demonic ancestry]
   356 | D:1      | Reached XP level 2. HP: 24/24 MP: 2/2
   366 | D:1      | Found Xomaaf's Antique Weapon Emporium.
   542 | D:1      | Found a large runed translucent door.
   542 | D:1      | Found a large runed translucent door.
   542 | D:1      | Noticed an orc warrior
  1259 | D:2      | Reached skill level 3 in Polearms
  1443 | D:2      | Reached XP level 3. HP: 29/29 MP: 3/3
  1630 | D:2      | Noticed Terence
  1641 | D:2      | Killed Terence
  1642 | D:2      | Reached skill level 4 in Polearms
  1642 | D:2      | Gained mutation: You have sharp fingernails. [demonic
                  | ancestry]
  1642 | D:2      | Reached XP level 4. HP: 13/35 MP: 4/4
  1941 | D:2      | Reached *** piety under Lugonu
  2167 | D:3      | Found an ornate altar of the Wu Jian Council.
  2413 | D:3      | Reached XP level 5. HP: 20/41 MP: 3/5
  2466 | D:3      | Reached skill level 5 in Polearms
  2671 | D:3      | Found an opulent altar of Gozag.
  3997 | D:4      | Noticed Menkaure
  4007 | D:4      | HP: 2/41 [Menkaure (3)]
  4007 | D:4      | Slain by Menkaure

Illustrated notes

Levels and vault maps discovered:
D:1:      erik_arrival_cave_to_civilisation [erik_arrival_cave_to_temple],
          layout_basic, serial_shops, shop
D:2:      minmay_spotlight, layout_basic, shapermc_ecumenical_altar_venn,
          kennysheep_path_1, grunt_ministairs_3, minmay_domino_2, uniq_terence
D:3:      layout_loops_ring, nzn_wu_jian_contemplation,
          overflow_temple_1_default, kennysheep_generic_room_4
D:4:      layout_gridville, chequers_garden, uniq_menkaure

Skill      XL: |  1  2  3  4  5 |
---------------+----------------+-----
Polearms       | 2 3 4 5 |  5.7
Fighting       | |  3.0
Armour         | |  2.6
Shields        | |  2.6

Action                   |  1- 3 |  4- 6 || total
-------------------------+-------+-------++-------
Melee: Trident           |   104 |   144 ||   248
  Use: Scroll            |     2 |     8 ||    10
       Potion            |     1 |     7 ||     8
Armor: Scale mail        |    21 |       ||    21
       Plate armour      |    57 |   112 ||   169
Dodge: Dodged            |    35 |    31 ||    66
Block: Buckler           |    26 |    49 ||    75

Table legend: (Time is in decaauts)
 A = Elapsed time spent in this place.
 B = Non-inter-level travel time spent in this place.
 C = Inter-level travel time spent in this place.
 D = Time resting spent in this place.
 E = Time spent auto-exploring this place.
 F = Levels seen in this place.
 G = Mean time per level.
                   A        B        C        D        E       F      G
               +--------+--------+--------+--------+--------+-----+--------+
         Total |   4015 |   3889 |    126 |    589 |   2525 |   4 | 1003.8 |
       Dungeon |   4015 |   3889 |    126 |    589 |   2525 |   4 | 1003.8 |
               +--------+--------+--------+--------+--------+-----+--------+

Top non-repeatable levels by time:
     D:3: 1450 daAuts
     D:1: 1096 daAuts
     D:2: 1085 daAuts
     D:4: 382 daAuts
